 Dungeon Crawl Stone Soup version 0.21.1-1-g345015f (webtiles) character file.

87 nicolaieve the Chopper (level 4, 0/39 HPs)
             Began as a Minotaur Berserker on July 18, 2018.
             Was a Believer of Trog.
             Slain by an orc priest
             ... wielding a +0 short sword
              (6 damage)
             ... on level 3 of the Dungeon.
             The game lasted 00:05:42 (1878 turns).

nicolaieve the Chopper (Minotaur Berserker)         Turns: 1878, Time: 00:05:43

Health: 0/39       AC:  3    Str: 23    XL:     4   Next: 28%
Magic:  3/3        EV: 12    Int:  4    God:    Trog [**....]
Gold:   96         SH:  0    Dex:  9    Spells: 3/3 levels left

rFire    . . .     SeeInvis .   a - +0 hand axe
rCold    . . .     Gourm    .   (no shield)
rNeg     . . .     Faith    .   o - +0 leather armour
rPois    .         Spirit   .   (helmet restricted)
rElec    .         Reflect  .   (no cloak)
rCorr    .         Harm     .   (no gloves)
MR       ++...                  (no boots)
Stlth    +.........             (no amulet)
HPRegen  1.13/turn              (no ring)
MPRegen  0.08/turn              (no ring)

@: lethally poisoned (0 -> 0), regenerating
A: retaliatory headbutt, horns 2
a: Berserk, Trog's Hand, Burn Spellbooks, Renounce Religion


You were on level 3 of the Dungeon.
You worshipped Trog.
Trog was pleased with you.
You were not hungry.

You visited 1 branch of the dungeon, and saw 3 of its levels.

You collected 96 gold pieces.

Inventory:

Hand Weapons
 a - a +0 hand axe (weapon)
Armour
 b - a +0 animal skin
 o - a +0 leather armour (worn)
Jewellery
 i - an uncursed ring of magical power {unknown}
Scrolls
 d - a scroll of fear {unknown}
 e - 2 scrolls of identify {unknown}
 h - a scroll of remove curse {unknown}
 j - a scroll of enchant armour {unknown}
 k - a scroll of magic mapping {unknown}
 l - 2 scrolls of amnesia {unknown}
 n - a scroll of teleportation {unknown}
Potions
 g - 2 potions of curing {unknown}
 m - a potion of invisibility {unknown}
Comestibles
 c - 2 rations
 f - 19 chunks of flesh


   Skills:
 - Level 3.6 Fighting
 + Level 6.2 Axes
 - Level 2.4 Armour
 - Level 2.1 Dodging


You had 3 spell levels left.
You didn't know any spells.

Dungeon Overview and Level Annotations

Branches:
Dungeon (3/15)

Altars:
Trog
Zin


Innate Abilities, Weirdness & Mutations

You reflexively headbutt those who attack you in melee.
You have a pair of horns on your head.


Message History

The orc priest is moderately wounded.
The orc priest hits you with a short sword.
You hit the orc priest. Your headbutt misses the orc priest.
The orc priest is heavily wounded.
You feel sick.
The orc priest mumbles some strange prayers to Beogh against you.
Beogh smites you!
* * * LOW HITPOINT WARNING * * *
You hear a shout!
Your skin crawls.
You feel resistant to hostile enchantments.
You feel somewhat more hungry.
You hear a shout!
The orc priest hits you but does no damage.
An orc comes into view.
You hit the orc priest but do no damage.
The orc priest is heavily wounded.
You feel sick.
The orc priest hits you with a short sword.
You die...

.....#
#.#..##.##......##
#.#..##.##..#.##..
#####.#.....##..#.##.#
#........#...#..#.##.#
#........#.#.#.)#.##.#
#........#.#.#)รท..##.#
+....o...#.#.#...###.##
#....)@....>.#.........
..#.o..................#
#.############.####..# #
..........# ###.#####.#
#.#...... #.#.###.#
#.#.###.# #.....#


You could see an orc priest and an orc.

Vanquished Creatures
  An adder (D:2)
  A worm (D:2)
  A dart slug (D:1)
  3 leopard geckos
  7 orcs (D:3)
  A ball python (D:1)
  9 bats
  5 giant cockroaches
  3 goblins
  4 hobgoblins
  5 jackals
  A quokka (D:2)
  5 frilled lizards
  7 kobolds
  7 rats
60 creatures vanquished.

Notes
Turn   | Place    | Note
-------+----------+-------------------------------------------
     0 | D:1      | nicolaieve the Minotaur Berserker began the quest for the Orb.
     0 | D:1      | Reached XP level 1. HP: 19/19 MP: 0/0
   234 | D:1      | Reached skill level 4 in Axes
   247 | D:1      | Reached XP level 2. HP: 20/26 MP: 1/1
   538 | D:1      | Reached skill level 5 in Axes
   756 | D:1      | Reached XP level 3. HP: 27/31 MP: 2/2
   782 | D:1      | Reached ** piety under Trog
  1421 | D:2      | Found a bloodstained altar of Trog.
  1484 | D:2      | Found a glowing silver altar of Zin.
  1764 | D:3      | Reached skill level 6 in Axes
  1764 | D:3      | Reached XP level 4. HP: 39/39 MP: 3/3
  1878 | D:3      | Slain by an orc priest

Skill      XL: |  1  2  3 |
---------------+----------+-----
Axes           | 4 5 6 |  6.2
Fighting       | |  3.6
Armour         | |  2.4
Dodging        | |  2.1

Action                   |  1- 3 |  4- 6 || total
-------------------------+-------+-------++-------
Melee: Hand axe          |    88 |    22 ||   110
       Headbutt          |    14 |     5 ||    19
Invok: Trog's Hand       |       |     1 ||     1
 Stab: Sleeping          |     1 |       ||     1
  Eat: Chunk             |     3 |       ||     3
Armor: Animal skin       |    21 |     1 ||    22
Dodge: Dodged            |    71 |    12 ||    83
